Map: Star Station

Players

Miszu

  • Race: Terran Terran
  • League: Master
  • Spawn Location: 1:00

FireCake - Winner!

  • Race: Zerg Zerg
  • League: Master
  • Spawn Location: 7:00

VOD

Have the link to the VOD?

Description

Time

  • Played on: Feb. 5, 2016, 11:22 a.m.
  • Length: 11:47
Show
View Real Time Build Order
Export as new Build Order

Miszu Terran 

Build Orders: Reaper Expand, Bio Tank 

Get SALT Encoding   

  12  0:01  SCV  
  13  0:13  SCV  
  14  0:17  Supply Depot  
  14  0:25  SCV  
  15  0:39  SCV  
  15  0:40  Barracks  
  16  0:42  Refinery  
  16  0:51  SCV  
  17  1:03  SCV  
  18  1:15  SCV  
  19  1:27  Orbital Command  
  19  1:28  Barracks Reactor  
  19  1:29  Reaper  
  20  1:40  Command Center  
  20  1:50  Supply Depot  
  20  1:52  SCV  
  21  2:01  Refinery  
  21  2:02  Barracks Reactor  
  21  2:05  SCV  
  22  2:17  Barracks, SCV  
  23  2:29  SCV  
  24  2:34  Factory  
  24  2:41  SCV  
  25  2:46  Marine  
  25  2:47  Marine  
  27  2:53  Barracks, SCV  
  27  2:56  Orbital Command  
  28  3:04  Barracks Tech Lab  
  28  3:05  SCV  
  29  3:14  Marine x2  
  29  3:17  SCV  
  32  3:22  Stimpack  
  32  3:24  Starport  
  32  3:26  SCV  
  33  3:29  SCV  
  33  3:31  Factory Tech Lab  
  34  3:38  SCV  
  34  3:39  Marine  
  36  3:42  SCV  
  36  3:43  Marine x3  
  36  3:48  Supply Depot  
  39  3:50  SCV  
  39  3:54  Siege Tank  
  43  3:59  SCV  
  43  4:02  SCV  
  45  4:09  Marine, Medivac  
  47  4:10  Marine  
  47  4:11  Marine, SCV  
  47  4:12  Supply Depot  
  51  4:17  Supply Depot, SCV  
  51  4:18  Marine  
  53  4:25  SCV  
  54  4:33  Marine x3, Siege Tank, SCV  
  54  4:35  Refinery  
  61  4:39  Supply Depot  
  61  4:40  Medivac  
  61  4:44  SCV  
  65  4:45  SCV  
  65  4:48  Marine  
  65  4:51  Supply Depot, Marine  
  67  4:57  Marine  
  67  4:58  Marine  
  69  5:02  Supply Depot  
  69  5:05  Marine  
  69  5:06  Siege Tank  
  73  5:08  SCV  
  73  5:09  Marine  
  73  5:10  SCV  
  73  5:12  Engineering Bay  
  76  5:14  Supply Depot  
  76  5:20  SCV  
  77  5:23  Marine  
  77  5:24  Marine x2  
  77  5:25  Medivac, SCV  
  77  5:26  Marine  
  77  5:28  Supply Depot  
  84  5:32  SCV  
  85  5:38  Combat Shields  
  85  5:41  Marine x2  
  85  5:42  SCV  
  88  5:43  Terran Infantry Weapons Level 1  
  88  5:44  Supply Depot  
  88  5:59  Marine  
  88  6:00  Marine x3, Siege Tank  
  95  6:17  Marine  
  95  6:22  Marine  
  95  6:23  Marine x2, Medivac  
  99  6:29  Command Center  
  98  6:33  Supply Depot, Hellion  
  98  6:34  Refinery  
  98  6:35  Marine  
  101  6:40  Marine  
  101  6:41  Marine x2  
  104  6:52  Marine  
  105  6:54  Siege Tank  
  105  6:58  Marine x2  
  101  7:07  Marine  
  100  7:10  Marine  
  100  7:11  Missile Turret  
  100  7:12  Missile Turret  
  100  7:13  Supply Depot  
  100  7:14  Medivac  
  103  7:16  Marine  
  103  7:19  Supply Depot  
  104  7:24  Marine  
  104  7:25  Marine  
  104  7:26  Siege Tank  
  104  7:28  Marine  
  110  7:34  Marine  
  110  7:36  Supply Depot  
  107  7:42  Marine  
  104  7:44  Marine  
  104  7:46  Marine, Orbital Command  
  104  7:49  Barracks  
  103  7:51  Marine, Barracks  
  104  8:00  Marine  
  104  8:02  Marine  
  104  8:04  Marine  
  104  8:05  Siege Tank  
  108  8:09  Marine  
  109  8:18  Marine  
  103  8:20  Marine  
  103  8:21  Marine  
  90  8:27  Marine  
  90  8:30  Medivac  
  90  8:36  Marine  
  90  8:37  Siege Tank, Orbital Command  
  90  8:38  Marine  
  90  8:39  Marine  
  95  8:45  Marine  
  95  8:48  Barracks Reactor x2  
  91  8:51  Terran Infantry Armor Level 1, Barracks  
  91  8:52  Barracks  
  91  8:53  Marine  
  91  8:55  Armory  
  92  8:56  Engineering Bay, Marine  
  92  8:57  Marine  
  94  9:03  Marine, Medivac  
  97  9:11  Marine  
  97  9:12  SCV  
  97  9:13  Marine, SCV x2  
  97  9:16  Missile Turret  
  102  9:18  Marine  
  102  9:24  SCV  
  102  9:25  SCV  
  102  9:26  SCV  
  102  9:28  Armory  
  101  9:33  Bunker  
  101  9:34  Marine x2  
  101  9:35  Siege Tank  
  101  9:36  Marine, SCV  
  101  9:37  Marine x2, SCV  
  101  9:38  SCV  
  99  9:47  Marine  
  99  9:48  Medivac, SCV  
  99  9:49  SCV  
  99  9:50  SCV  
  105  10:00  SCV  
  105  10:01  SCV  
  105  10:02  SCV  
  104  10:09  Marine  
  104  10:10  Marine x9  
  104  10:12  SCV  
  104  10:13  SCV  
  115  10:14  SCV  
  116  10:24  SCV  
  116  10:25  SCV  
  116  10:26  SCV  
  121  10:31  Thor  
  122  10:36  Barracks Tech Lab, SCV  
  122  10:37  Barracks Tech Lab, SCV  
  122  10:38  Barracks Tech Lab, Marauder  
  122  10:40  Barracks Tech Lab  
  122  10:41  SCV  
  127  10:45  Refinery  
  127  10:48  SCV  
  127  10:49  SCV  
  129  10:52  Marine  
  129  10:53  Marine  
  129  10:54  Command Center  
  133  10:57  Marauder  
  133  10:59  Medivac  
  133  11:00  Medivac  
  133  11:06  Command Center  
  133  11:08  Marine  
  133  11:09  Marine x4, Marauder  
  133  11:10  Marine  
  133  11:11  Marine  
Show
View Real Time Build Order
Export as new Build Order

FireCake Zerg - Winner!

Build Orders: Hatch First, Muta Ling Bane 

Get SALT Encoding   

  12  0:00  Drone  
  13  0:08  Drone  
  14  0:16  Overlord  
  14  0:23  Extractor  
  14  0:24  Drone  
  15  0:35  Drone x2  
  17  0:51  Hatchery  
  17  0:54  Drone  
  17  0:58  Drone  
  18  1:09  Extractor  
  17  1:12  Spawning Pool  
  17  1:15  Drone  
  17  1:18  Drone  
  18  1:26  Drone  
  19  1:38  Overlord  
  19  1:49  Drone  
  20  1:59  Queen  
  20  2:01  Zergling x2  
  23  2:03  Queen  
  23  2:04  Zergling x2  
  26  2:09  Metabolic Boost  
  26  2:11  Drone  
  26  2:14  Drone  
  28  2:22  Drone  
  29  2:34  Queen  
  29  2:36  Drone  
  34  2:37  Drone x2  
  34  2:41  Queen  
  36  2:45  Overlord  
  36  3:03  Drone  
  36  3:04  Drone  
  39  3:05  Drone x2  
  39  3:10  Zergling x2  
  39  3:11  Drone x3  
  44  3:17  Overlord  
  44  3:18  Overlord  
  44  3:36  Lair  
  44  3:37  Hatchery  
  44  3:40  Drone x5  
  48  3:42  Extractor  
  48  3:43  Extractor  
  48  3:47  Overlord  
  46  3:48  Overlord  
  46  3:49  Drone  
  47  3:57  Drone x4  
  47  4:02  Roach Warren  
  50  4:05  Drone  
  50  4:08  Drone  
  52  4:14  Drone  
  53  4:17  Queen  
  53  4:22  Extractor, Drone x2  
  53  4:23  Drone  
  57  4:24  Drone x2  
  59  4:31  Overlord  
  59  4:36  Drone  
  59  4:37  Spire, Drone  
  60  4:43  Drone  
  60  4:44  Drone x2  
  62  5:05  Zergling x10  
  62  5:06  Drone x4  
  70  5:09  Spore Crawler  
  69  5:17  Overlord  
  69  5:20  Drone x2  
  70  5:32  Roach x4  
  78  5:37  Roach x9  
  78  5:40  Overlord  
  96  5:47  Spine Crawler  
  95  5:50  Spine Crawler  
  95  5:54  Ravager x2  
  96  6:00  Roach x4  
  96  6:01  Overlord x2  
  104  6:18  Zergling x6  
  106  6:23  Mutalisk  
  106  6:24  Mutalisk x5  
  116  6:26  Overlord  
  116  6:27  Queen x2  
  116  6:28  Queen  
  122  6:33  Overlord  
  122  6:47  Roach x4  
  122  6:52  Zergling x2  
  122  6:53  Zergling x4  
  133  6:58  Zergling x2  
  127  7:07  Zergling x6  
  123  7:18  Queen x3  
  123  7:19  Zergling x2  
  123  7:20  Zergling x16  
  127  7:38  Hatchery  
  127  7:41  Glial Reconstitution  
  127  7:42  Zerg Flyer Weapons Level 1  
  124  7:50  Zergling x20  
  134  7:58  Mutalisk x2  
  134  8:04  Overlord x3  
  134  8:16  Mutalisk x7  
  133  8:25  Mutalisk  
  121  8:36  Extractor  
  121  8:37  Extractor  
  119  8:45  Drone x10  
  127  8:50  Evolution Chamber  
  127  8:51  Evolution Chamber  
  125  9:01  Baneling Nest, Drone x7  
  130  9:10  Zergling x4  
  130  9:17  Zerg Melee Weapons Level 1, Zerg Ground Armor Level 1  
  132  9:32  Drone  
  132  9:33  Drone x8  
  132  9:37  Zergling x14  
  148  9:45  Centrifical Hooks  
  148  9:47  Zergling x18  
  148  9:49  Baneling  
  148  9:50  Baneling x3, Hatchery  
  156  9:55  Overlord x2  
  154  10:05  Mutalisk  
  154  10:06  Mutalisk x4  
  162  10:15  Zergling x2  
  162  10:16  Zergling x18  
  172  10:32  Overlord x3  
  172  10:33  Zergling x10  
  172  10:34  Zergling x6  
  180  10:50  Baneling x8  
  180  10:51  Baneling x22  
  180  10:53  Zergling x12  
  186  10:59  Zergling x12  
  192  11:11  Zergling x16  
Tags
 
Add a new tag
Caveats
  • Supply blocks, unpowered buildings, or Contaminate may cause inaccurate times.
  • Supply counts are checked every 10 seconds.